[Event "42nd Olympiad Baku 2016 Open"]
[Site "Baku"]
[Date "2016.09.08"]
[Round "6.14"]
[White "Juarez Flores, Carlos A"]
[Black "Salih, Akar Ali Salih"]
[Result "0-1"]
[ECO "B66"]
[WhiteElo "2392"]
[BlackElo "2302"]
[Annotator ""]
[PlyCount "74"]
[EventDate "2016.??.??"]
[EventCountry "AZE"]
[SourceTitle "playchess.com"]
[Source "ChessBase"]
[WhiteTeam "Guatemala"]
[BlackTeam "Iraq"]
[WhiteTeamCountry "GUA"]
[BlackTeamCountry "IRQ"]
[TimeControl "40/5400+30:1800+30"]

1. e4 {(00:00} c5 {(00:00} 2. Nf3 {(00:00} Nc6 {
(00:19} 3. d4 {(01:43} cxd4 {(00:23} 4. Nxd4 {(
00:02} Nf6 {(00:13} 5. Nc3 {(00:05} d6 {(00:08} 6. Bg5
{(01:01} e6 {(04:11} 7. Qd2 {(00:06} a6 {(00:57]
} 8. O-O-O {(00:13} Qc7 {(06:20} 9. Bxf6 {(03:58} gxf6
{(01:39} 10. Be2 {(00:04} Rg8 {(07:00} 11. g3 {(
00:51} Be7 {(04:54} 12. f4 {(02:43} Nxd4 {(07:06} 13.
Qxd4 {(00:06} Bd7 {(13:08} 14. Bh5 {(03:36} Rg7 {
(08:40} 15. f5 {(14:02} Kf8 {(01:04} 16. Rhf1 {(
01:10} Kg8 {(01:27} 17. Kb1 {(07:33} Rc8 {(03:15} 18.
Qd2 {(03:53} Qc5 {(02:16} 19. Rde1 {(06:23} Bc6 {
(09:45} 20. Rf4 {(08:54} Bd8 {(07:35} 21. Rd1 {(
04:28} Ba5 {(01:32} 22. Rf3 {(03:35} d5 {(05:29} 23.
exd5 {(11:46} Bxd5 {(00:39} 24. Rd3 {(03:46} Kh8 {
(03:39} 25. Qh6 {(01:55} Bc4 {(02:24} 26. Ne4 {(
06:31} Qc6 {(05:16} 27. Re3 {(02:55} Bb6 {(00:50} 28.
Rd6 {(07:38} Qc7 {(02:15} 29. Rxb6 {(04:09} Qxb6 {
(00:12} 30. b3 {(00:22} exf5 {(01:31} 31. Nxf6 {
(00:49} Be6 {(00:34} 32. Be2 {(00:56} a5 {(00:
32} 33. Bd3 {(00:09} a4 {(00:42} 34. Nh5 {(00:51} Rg6
{(00:05} 35. Qf4 {(00:01} axb3 {(00:37} 36. cxb3 {
(01:07} Bxb3 {(00:26} 37. Qe5+ {(00:15} f6 {(00:
05} 0-1

[Event "42nd Olympiad Baku 2016 Open"]
[Site "Baku"]
[Date "2016.09.08"]
[Round "6.16"]
[White "Juarez Flores, Gustavo E"]
[Black "Abdulwahhab, Ahmed Abdulsattar A"]
[Result "0-1"]
[ECO "B23"]
[WhiteElo "2114"]
[BlackElo "2236"]
[Annotator ""]
[PlyCount "160"]
[EventDate "2016.??.??"]
[EventCountry "AZE"]
[SourceTitle "playchess.com"]
[Source "ChessBase"]
[WhiteTeam "Guatemala"]
[BlackTeam "Iraq"]
[WhiteTeamCountry "GUA"]
[BlackTeamCountry "IRQ"]
[TimeControl "40/5400+30:1800+30"]

1. e4 {(00:00} c5 {(00:00} 2. Nc3 {(00:00} e6 {(
00:06} 3. g3 {(00:18} Nc6 {(02:02} 4. Bg2 {(00:07} g6
{(01:35} 5. d3 {(02:12} Bg7 {(03:08} 6. Be3 {(
01:33} d6 {(03:15} 7. Qd2 {(05:52} Nd4 {(02:14} 8. f4
{(07:12} Ne7 {(01:01} 9. Nd1 {(09:43} O-O {(07:
42} 10. c3 {(00:30} Ndc6 {(00:13} 11. Nf3 {(04:04} b6
{(03:14} 12. d4 {(08:26} Ba6 {(10:39} 13. Nf2 {(
04:11} cxd4 {(00:18} 14. Nxd4 {(01:16} Nxd4 {(00:15}
15. Bxd4 {(00:58} e5 {(00:33} 16. Be3 {(00:53} Qc7 {
(02:42} 17. Nd3 {(01:10} Rad8 {(08:53} 18. Nb4 {
(00:34} Bb7 {(00:22} 19. O-O {(05:15} a5 {(07:
28} 20. Nd5 {(03:31} Bxd5 {(00:33} 21. exd5 {(00:11}
Nf5 {(00:15} 22. Bf2 {(02:57} Bh6 {(06:01} 23. Bh3 {
(01:39} Ne7 {(03:44} 24. Be3 {(07:27} exf4 {(01:
27} 25. gxf4 {(00:42} Rfe8 {(02:13} 26. Rad1 {(04:07}
Nxd5 {(04:37} 27. Bd4 {(06:45} Re4 {(04:33} 28. Bg2 {
(07:34} Nxf4 {(03:56} 29. Bxe4 {(05:44} Nh3+ {(
00:11} 30. Kg2 {(02:19} Bxd2 {(00:09} 31. Rxd2 {(00:36]
} d5 {(02:47} 32. Bf6 {(02:31} Nf4+ {(00:23} 33. Kg1 {
(01:23} Re8 {(00:36} 34. Bf3 {(00:16} Qd6 {(03:
44} 35. Bh4 {(01:28} Qc5+ {(01:14} 36. Kh1 {(00:09}
Qc4 {(00:20} 37. Rfd1 {(00:53} Re3 {(03:43} 38. Rd4 {
(00:17} Qc7 {(00:37} 39. Rf1 {(00:46} Qe5 {(04:
47} 40. Bg3 {(00:00} g5 {(00:00} 41. Bxf4 {(02:53}
gxf4 {(00:27} 42. Rxd5 {(00:43} Qe7 {(02:21} 43. Rd4 {
(00:58} Re1 {(00:54} 44. Rd1 {(01:07} Rxf1+ {(
04:38} 45. Rxf1 {(00:02} Qe3 {(00:30} 46. Kg2 {(00:25}
Kg7 {(00:14} 47. Rf2 {(00:06} Kf6 {(00:32} 48. Re2 {
(00:11} Qd3 {(00:11} 49. Kf2 {(00:51} Kg5 {(01:
00} 50. Re5+ {(00:25} f5 {(01:47} 51. Re2 {(00:57} a4
{(03:38} 52. a3 {(00:09} Qb1 {(00:20} 53. Rd2 {(
01:19} Kh4 {(01:58} 54. Kg2 {(00:16} Qc1 {(01:33} 55.
Re2 {(00:23} Qd1 {(00:56} 56. Re6 {(01:03} Qd2+ {
(00:18} 57. Re2 {(00:05} Qd8 {(01:09} 58. Rf2 {(
03:40} Qg8+ {(02:59} 59. Kh1 {(00:20} Qg7 {(01:30} 60.
Re2 {(01:51} Qd7 {(02:32} 61. Kg2 {(00:19} Qd3 {
(00:21} 62. Rf2 {(00:12} Kg5 {(00:17} 63. Re2 {(
01:52} h5 {(00:11} 64. Kf2 {(02:40} h4 {(00:34} 65.
Kg2 {(00:47} h3+ {(00:57} 66. Kf2 {(00:07} Qd1 {
(00:31} 67. Re1 {(00:39} Qc2+ {(00:07} 68. Re2 {
(00:05} Qc1 {(00:20} 69. Bc6 {(01:04} f3 {(00:
09} 70. Bxf3 {(04:29} Qf4 {(00:21} 71. Re8 {(03:14}
Qxh2+ {(00:09} 72. Ke3 {(00:28} Qxb2 {(02:04} 73. Rg8+
{(00:12} Kf6 {(00:11} 74. Rf8+ {(00:48} Kg6 {(
01:09} 75. Rc8 {(01:02} h2 {(00:17} 76. Rc6+ {(02:21}
Kg5 {(00:14} 77. Rc8 {(01:53} Qc1+ {(02:14} 78. Ke2 {
(03:31} h1=Q {(00:20} 79. Rg8+ {(00:28} Kf4 {(
00:14} 80. Bxh1 {(00:14} Qxh1 {(00:19} 0-1

[Event "42nd Olympiad Baku 2016 Open"]
[Site "Baku"]
[Date "2016.09.08"]
[Round "6.37"]
[White "Jumabayev, Rinat"]
[Black "Shirov, Alexei"]
[Result "1-0"]
[ECO "D11"]
[WhiteElo "2604"]
[BlackElo "2673"]
[Annotator ""]
[PlyCount "105"]
[EventDate "2016.??.??"]
[EventCountry "AZE"]
[SourceTitle "playchess.com"]
[Source "ChessBase"]
[WhiteTeam "Kazakhstan"]
[BlackTeam "Latvia"]
[WhiteTeamCountry "KAZ"]
[BlackTeamCountry "LAT"]
[TimeControl "40/5400+30:1800+30"]

1. d4 {(00:00} d5 {(00:00} 2. c4 {(00:00} c6 {(
00:00} 3. Nf3 {(00:00} Nf6 {(00:00} 4. e3 {(00:00} Bg4
{(00:00} 5. Nc3 {(00:00} e6 {(00:23} 6. Qb3 {(
00:00} Qb6 {(00:08} 7. Nh4 {(00:00} Bh5 {(01:22} 8. h3
{(01:07} Nbd7 {(00:18} 9. g4 {(00:06} Bg6 {(00:
03} 10. Nxg6 {(01:30} hxg6 {(01:02} 11. Be2 {(00:12}
Bb4 {(30:22} 12. Kf1 {(17:55} dxc4 {(05:34} 13. Qxc4 {
(03:27} c5 {(00:57} 14. Qb5 {(17:28} cxd4 {(02:
22} 15. Qxb6 {(00:10} Nxb6 {(06:40} 16. Nb5 {(00:14}
d3 {(01:16} 17. Bxd3 {(00:12} O-O-O {(01:24} 18. Be2 {
(02:28} Bd2 {(04:09} 19. Kg2 {(07:43} Bxc1 {(01:
22} 20. Raxc1+ {(01:34} Kb8 {(01:27} 21. Rhd1 {(07:31}
Nfd5 {(01:38} 22. Nd4 {(04:26} Rc8 {(05:12} 23. Nf3 {
(02:00} Rxc1 {(00:23} 24. Rxc1 {(00:07} f6 {(02:
46} 25. Bd3 {(10:30} g5 {(01:45} 26. Nd4 {(00:51} Re8
{(02:43} 27. a3 {(01:38} a6 {(07:28} 28. Bb1 {(
07:08} Nd7 {(03:43} 29. Ba2 {(01:18} Nc7 {(00:09} 30.
Kg3 {(07:20} Ne5 {(07:00} 31. Rd1 {(00:54} Ng6 {
(07:41} 32. Nb3 {(02:47} f5 {(00:18} 33. Nc5 {(
02:37} f4+ {(00:11} 34. Kf3 {(00:42} Rh8 {(01:50} 35.
Ke4 {(02:08} Rxh3 {(03:32} 36. Rd8+ {(00:13} Ka7 {
(00:04} 37. Rd7 {(00:14} Kb6 {(01:19} 38. Rxg7 {
(00:36} fxe3 {(01:18} 39. Nd7+ {(01:29} Kc6 {(
00:49} 40. fxe3 {(00:00} Nd5 {(00:00} 41. Bxd5+ {(05:
09} exd5+ {(00:43} 42. Kd4 {(00:14} Nh4 {(04:48} 43.
Ne5+ {(01:36} Kb6 {(01:24} 44. Kxd5 {(06:01} Ng2 {
(00:52} 45. Nc4+ {(05:20} Ka7 {(01:48} 46. Kd4 {
(00:30} Rg3 {(00:41} 47. Rxg5 {(00:18} b5 {(00:
08} 48. Rg7+ {(03:00} Kb8 {(00:04} 49. Nd6 {(05:17}
Rxe3 {(01:01} 50. Kc5 {(02:15} Nf4 {(02:42} 51. Rb7+ {
(00:39} Ka8 {(00:04} 52. Rf7 {(00:20} Ng6 {(01:
23} 53. Kb6 {(00:39} 1-0

[Event "42nd Olympiad Baku 2016 Open"]
[Site "Baku"]
[Date "2016.09.08"]
[Round "6.4"]
[White "Jurcik, Marian"]
[Black "Mahdia, Farage"]
[Result "1-0"]
[ECO "B42"]
[WhiteElo "2484"]
[BlackElo "2023"]
[Annotator ""]
[PlyCount "65"]
[EventDate "2016.??.??"]
[EventCountry "AZE"]
[SourceTitle "playchess.com"]
[Source "ChessBase"]
[WhiteTeam "Slovakia"]
[BlackTeam "Libya"]
[WhiteTeamCountry "SVK"]
[BlackTeamCountry "LBY"]
[TimeControl "40/5400+30:1800+30"]

1. e4 {(00:00} c5 {(00:00} 2. Nf3 {(00:00} e6 {(
00:42} 3. d4 {(00:13} cxd4 {(00:23} 4. Nxd4 {(00:05}
a6 {(00:30} 5. Bd3 {(00:53} Nf6 {(00:16} 6. O-O {
(00:08} Qc7 {(01:01} 7. Qe2 {(00:07} d6 {(00:42]
} 8. c4 {(00:07} Nbd7 {(00:55} 9. f4 {(00:26} b6 {
(03:07} 10. Nc3 {(00:58} Bb7 {(00:13} 11. f5 {(
03:26} e5 {(05:28} 12. Nc2 {(00:30} Nc5 {(01:05} 13.
Bg5 {(00:27} Ncd7 {(07:05} 14. Ne3 {(02:01} Be7 {
(05:18} 15. Rac1 {(03:23} h6 {(04:11} 16. Ned5 {
(05:42} Bxd5 {(07:34} 17. Nxd5 {(01:29} Nxd5 {(
01:11} 18. cxd5 {(00:14} Qb7 {(00:26} 19. Bxe7 {(00:52]
} Kxe7 {(00:10} 20. Rc6 {(00:33} Nb8 {(10:13} 21. Rc3 {
(01:25} Rc8 {(02:21} 22. Rfc1 {(08:27} Rxc3 {(
02:06} 23. Rxc3 {(00:02} Nd7 {(02:44} 24. Qc2 {(04:30}
Ra7 {(10:06} 25. a4 {(08:03} a5 {(06:48} 26. Bb5 {
(00:22} Nc5 {(00:18} 27. Rg3 {(00:06} Kf8 {(01:
28} 28. f6 {(00:46} gxf6 {(06:13} 29. Qc1 {(01:14} Nd7
{(08:29} 30. Qxh6+ {(00:28} Ke7 {(00:01} 31. Rg8 {
(01:00} Qc7 {(00:52} 32. Bc6 {(00:27} b5 {(03:
57} 33. Qh8 {(00:33} 1-0

[Event "42nd Olympiad Baku 2016 Open"]
[Site "Baku"]
[Date "2016.09.08"]
[Round "6.36"]
[White "Kahn, Tito"]
[Black "Al Mashikhi, Salim Aliyan"]
[Result "1/2-1/2"]
[ECO "A46"]
[WhiteElo "1880"]
[BlackElo "2060"]
[Annotator ""]
[PlyCount "142"]
[EventDate "2016.??.??"]
[EventCountry "AZE"]
[SourceTitle "playchess.com"]
[Source "ChessBase"]
[WhiteTeam "Channel Islands"]
[BlackTeam "OMA"]
[WhiteTeamCountry "JCI"]
[TimeControl "40/5400+30:1800+30"]

1. d4 {(00:00} Nf6 {(00:00} 2. Nf3 {(00:00} e6 {
(00:12} 3. g3 {(00:00} Be7 {(01:29} 4. Bg2 {(00:
01} O-O {(00:43} 5. O-O {(00:15} d5 {(01:15} 6. c4 {
(00:06} c6 {(03:00} 7. Nc3 {(01:23} Nbd7 {(05:
32} 8. b3 {(10:03} Qa5 {(05:19} 9. Qc2 dxc4 {(07:40}
10. bxc4 {(04:18} Nb6 {(04:08} 11. Ne5 {(06:56} c5 {
(07:57} 12. Bd2 {(12:06} cxd4 {(08:03} 13. Nd5 {
(06:46} Qa3 {(01:30} 14. Nxe7+ {(06:19} Qxe7 {(
02:52} 15. Rab1 {(00:35} Qc7 {(03:52} 16. f4 {(06:18}
Nbd7 {(04:42} 17. Bb4 {(04:04} Rd8 {(00:51} 18. Be7 Re8
19. Bxf6 {(11:58} Nxf6 {(00:45} 20. Qa4 {(00:48} a6 {
(03:53} 21. Rfd1 {(02:42} Rd8 {(01:14} 22. Qb4 {
(06:32} Rb8 {(03:45} 23. h3 {(01:09} a5 {(06:02]
} 24. Qb6 {(01:57} Qxb6 {(07:54} 25. Rxb6 {(00:01} Ra8
{(06:03} 26. e3 {(04:26} Nh5 {(01:12} 27. Kh2 {(
01:07} f6 {(02:28} 28. Nf3 {(00:20} g6 {(01:51} 29. g4
{(00:55} Ng7 {(00:44} 30. exd4 {(00:21} Ne8 {(
00:23} 31. d5 {(01:23} exd5 {(00:20} 32. cxd5 {(00:38}
Rd6 {(01:20} 33. Rxd6 {(01:20} Nxd6 {(00:02} 34. Nd4 {
(00:37} Bd7 {(00:38} 35. Rc1 {(01:55} Rc8 {(00:
26} 36. Rxc8+ {(00:20} Nxc8 {(00:09} 37. Kg3 {(02:12}
Kf7 {(00:21} 38. Kf3 {(00:41} Ke7 39. Ke3 Kd6 {(01:56}
40. Ne6 {(02:23} Bxe6 {(03:01} 41. dxe6 {(01:26} b5 {
(00:48} 42. f5 {(02:49} gxf5 {(00:51} 43. gxf5 {
(00:13} Ke5 {(00:36} 44. Be4 {(05:51} b4 {(02:
22} 45. Bc2 {(02:08} Ne7 {(02:27} 46. Kf3 {(02:11} a4
{(03:08} 47. Kg4 {(03:37} b3 {(07:04} 48. axb3 {
(00:41} axb3 {(03:48} 49. Bb1 {(03:09} Kd6 {(01:
28} 50. Kh5 {(02:29} Ng8 {(00:29} 51. Kg4 {(00:49} Ke5
{(01:01} 52. Kf3 {(01:16} Kd4 {(00:25} 53. Be4 {
(06:26} Ne7 {(01:10} 54. Bb1 {(00:47} Kc3 {(01:
59} 55. Ke3 {(02:59} Kb2 {(00:09} 56. Be4 {(01:05} Kc1
{(00:30} 57. Kd4 {(00:34} b2 {(00:07} 58. Kc5 {(
02:11} b1=Q {(00:43} 59. Bxb1 {(00:09} Kxb1 {(00:09}
60. Kd6 {(00:34} Nxf5+ {(00:31} 61. Kd7 {(00:56} Kc2 {
(00:25} 62. Ke8 {(00:17} Nd4 {(07:46} 63. Kf7 {(
01:03} f5 {(01:11} 64. e7 {(02:03} Nb5 {(00:20} 65.
Ke6 {(00:45} Nc7+ {(03:48} 66. Kxf5 {(00:42} Kd3 {
(00:40} 67. Kg5 {(00:46} Ke4 {(00:51} 68. Kh6 {(
00:21} Kf5 {(00:35} 69. Kxh7 {(00:16} Kf6 {(00:25} 70.
h4 {(00:34} Ne8 {(00:19} 71. h5 {(00:23} Kxe7 {(
00:52} 1/2-1/2

[Event "42nd Olympiad Baku 2016 Open"]
[Site "Baku"]
[Date "2016.09.08"]
[Round "6.12"]
[White "Karimov, Alisher"]
[Black "Nikolovski, Nikola"]
[Result "1-0"]
[ECO "A98"]
[WhiteElo "2119"]
[BlackElo "2265"]
[Annotator ""]
[PlyCount "79"]
[EventDate "2016.??.??"]
[EventCountry "AZE"]
[SourceTitle "playchess.com"]
[Source "ChessBase"]
[WhiteTeam "Tajikistan"]
[BlackTeam "Macedonia"]
[WhiteTeamCountry "TJK"]
[BlackTeamCountry "MKD"]
[TimeControl "40/5400+30:1800+30"]

1. Nf3 {(00:00} f5 {(00:00} 2. g3 {(00:22} Nf6 {
(00:00} 3. Bg2 {(00:08} d6 {(05:21} 4. d4 {(02:
26} e6 {(00:09} 5. c4 {(00:37} Be7 {(00:13} 6. O-O {
(01:32} O-O {(00:10} 7. Nc3 {(00:10} Qe8 {(00:
25} 8. Qc2 {(01:48} Qh5 {(00:28} 9. e4 {(03:56} e5 {
(01:07} 10. Nd5 {(10:48} Nxd5 {(08:07} 11. cxd5 {
(00:17} fxe4 {(01:12} 12. Nd2 {(04:23} Na6 {(43:
25} 13. Nxe4 {(07:10} exd4 {(00:53} 14. Qc4 {(14:18}
Bh3 {(01:16} 15. Bxh3 {(10:47} Qxh3 {(00:08} 16. Bg5 {
(02:48} Rae8 {(09:08} 17. Rae1 {(06:27} Kh8 {(
08:13} 18. Bxe7 {(03:55} Rxe7 {(00:08} 19. Ng5 {(00:45]
} Qd7 {(00:08} 20. Qxd4 {(07:30} Rfe8 {(02:36} 21. Qd3
{(00:48} g6 {(00:36} 22. Qd4+ {(00:09} Kg8 {(00:
37} 23. Ne4 {(00:27} Rxe4 {(11:19} 24. Rxe4 {(00:03}
Nc5 {(00:08} 25. Rxe8+ {(03:13} Qxe8 {(00:06} 26. Qe3 {
(04:39} Qxe3 {(02:24} 27. fxe3 {(00:02} a5 {(00:
09} 28. Rf4 {(02:25} b5 {(00:54} 29. b4 {(00:41} Nb7 {
(00:40} 30. bxa5 {(02:04} Nxa5 {(00:11} 31. Rb4 {
(00:36} Nc4 {(01:54} 32. Rxb5 {(00:22} Nb6 {(00:
43} 33. e4 {(00:35} Kf7 {(00:21} 34. Rb4 {(00:22} Ke7
{(00:23} 35. a4 {(00:12} Nd7 {(00:37} 36. a5 {(
00:39} Nc5 {(00:07} 37. Rc4 {(01:34} Kd8 {(00:57} 38.
e5 {(00:56} Kc8 {(01:14} 39. e6 {(00:23} Kd8 {(
00:07} 40. Rxc5 {(00:00} 1-0

[Event "42nd Olympiad Baku 2016 Open"]
[Site "Baku"]
[Date "2016.09.08"]
[Round "6.10"]
[White "Kassis, Antoine"]
[Black "Makolli, Perparim"]
[Result "0-1"]
[ECO "B32"]
[WhiteElo "2142"]
[BlackElo "2289"]
[Annotator ""]
[PlyCount "86"]
[EventDate "2016.??.??"]
[EventCountry "AZE"]
[SourceTitle "playchess.com"]
[Source "ChessBase"]
[WhiteTeam "Lebanon"]
[BlackTeam "Kosovo"]
[WhiteTeamCountry "LBN"]
[BlackTeamCountry "KOS"]
[TimeControl "40/5400+30:1800+30"]

1. e4 {(00:00} c5 {(00:09} 2. Nf3 {(00:00} Nc6 {
(00:34} 3. d4 {(00:16} cxd4 {(00:05} 4. Nxd4 {(
00:04} Qb6 {(00:38} 5. Nb3 {(00:28} Nf6 {(00:34} 6.
Nc3 {(00:56} e6 {(01:35} 7. Qe2 {(02:05} d6 {(
02:17} 8. g4 {(05:29} h6 {(06:40} 9. Be3 {(25:44} Qc7
{(02:40} 10. O-O-O {(00:56} a6 {(03:42} 11. f4 {
(04:05} Be7 {(02:45} 12. Bg2 {(01:57} Nd7 {(07:
45} 13. h4 {(01:59} b5 {(03:51} 14. g5 {(04:39} b4 {
(04:38} 15. Na4 {(01:27} e5 {(11:17} 16. f5 {(
05:16} a5 {(06:22} 17. Qf2 {(02:47} Rb8 {(11:37} 18.
Kb1 {(11:07} Ba6 {(07:37} 19. Bf1 {(02:32} Bxf1 {
(02:17} 20. Qxf1 {(06:56} Nd8 {(05:16} 21. Qa6 {
(08:51} Rc8 {(00:29} 22. c3 {(00:21} Qc4 {(02:
26} 23. Qxc4 {(00:21} Rxc4 {(00:05} 24. Nd2 {(01:36}
Rc6 {(00:20} 25. c4 {(02:09} Nb7 {(00:14} 26. b3 {
(00:35} Bd8 {(00:25} 27. Nf3 {(01:03} Nb6 {(01:
47} 28. Nxb6 {(00:34} Bxb6 {(00:05} 29. Bxb6 {(02:15}
Rxb6 {(00:05} 30. gxh6 {(02:43} gxh6 {(01:13} 31. Rhg1
{(01:24} Nc5 {(01:16} 32. Rde1 {(02:05} a4 {(01:
52} 33. Nd2 {(01:41} Ke7 {(00:19} 34. bxa4 {(01:24}
Nxa4 {(01:01} 35. Kc2 {(00:15} Ra8 {(00:36} 36. Ra1 {
(00:17} Nc5 {(00:21} 37. Rgb1 {(01:01} Ra3 {(01:
29} 38. Rb2 {(00:40} Rh3 {(04:18} 39. Rab1 {(00:21}
Rh2 {(00:12} 40. Kd1 {(00:00} Na4 {(00:00} 41. Rxb4 {
(03:27} Nc3+ {(02:25} 42. Kc2 {(00:17} Rxb4 {(
00:29} 43. Rxb4 {(00:06} Nxe4 {(00:06} 0-1

[Event "42nd Olympiad Baku 2016 Open"]
[Site "Baku"]
[Date "2016.09.08"]
[Round "6.21"]
[White "Kayonde, Andrew"]
[Black "Matoewi, Roger"]
[Result "1-0"]
[ECO "E73"]
[WhiteElo "2422"]
[BlackElo "2042"]
[Annotator ""]
[PlyCount "69"]
[EventDate "2016.??.??"]
[EventCountry "AZE"]
[SourceTitle "playchess.com"]
[Source "ChessBase"]
[WhiteTeam "Zambia"]
[BlackTeam "Surinam"]
[WhiteTeamCountry "ZAM"]
[BlackTeamCountry "SUR"]
[TimeControl "40/5400+30:1800+30"]

1. d4 {(00:27} Nf6 {(00:00} 2. c4 {(00:09} g6 {(
00:25} 3. Nc3 {(00:08} Bg7 {(00:05} 4. e4 {(00:09} d6
{(00:06} 5. Be2 {(04:31} Nc6 {(02:06} 6. d5 {(
00:26} Nb8 {(00:06} 7. Bg5 {(00:45} Nbd7 {(00:34} 8.
Nf3 {(01:01} Nc5 {(07:18} 9. Nd2 {(00:10} a5 {(
00:50} 10. h4 {(01:47} h6 {(06:59} 11. Be3 {(00:06} b6
{(00:17} 12. h5 {(02:33} g5 {(06:16} 13. f3 {(
07:53} Nfd7 {(09:28} 14. Qc2 {(02:14} a4 {(01:58} 15.
g3 {(02:10} e6 {(10:04} 16. a3 {(05:45} exd5 {(
09:42} 17. cxd5 {(00:09} Ba6 {(06:01} 18. f4 {(01:31}
Bxe2 {(01:36} 19. Nxe2 {(00:06} Bf6 {(05:13} 20. Nd4 {
(01:39} gxf4 {(06:30} 21. gxf4 {(00:18} Bxd4 {(
02:25} 22. Bxd4 {(02:16} Rg8 {(00:20} 23. O-O-O {(01:
09} Qe7 {(00:48} 24. e5 {(08:13} O-O-O {(04:17} 25.
Nc4 {(04:30} dxe5 {(01:59} 26. fxe5 {(00:48} Nb3+ {
(05:19} 27. Kb1 {(00:06} Nxd4 {(05:24} 28. Rxd4 {
(00:04} Qc5 {(00:22} 29. Rc1 {(09:52} Kb8 {(02:
25} 30. Qd1 {(00:55} Qb5 {(02:24} 31. d6 {(08:57} c5 {
(01:02} 32. Rf4 {(00:08} Rg2 {(02:04} 33. Qd5 {(
06:47} Rdg8 {(00:22} 34. Rxf7 {(01:30} R8g4 {(00:14}
35. Re7 {(01:45} 1-0

[Event "42nd Olympiad Baku 2016 Open"]
[Site "Baku"]
[Date "2016.09.08"]
[Round "6.39"]
[White "Kazhgaleyev, Murtas"]
[Black "Neiksans, Arturs"]
[Result "0-1"]
[ECO "E21"]
[WhiteElo "2594"]
[BlackElo "2628"]
[Annotator ""]
[PlyCount "116"]
[EventDate "2016.??.??"]
[EventCountry "AZE"]
[SourceTitle "playchess.com"]
[Source "ChessBase"]
[WhiteTeam "Kazakhstan"]
[BlackTeam "Latvia"]
[WhiteTeamCountry "KAZ"]
[BlackTeamCountry "LAT"]
[TimeControl "40/5400+30:1800+30"]

1. d4 {(00:00} Nf6 {(00:00} 2. c4 {(00:00} e6 {(
00:00} 3. Nc3 {(00:00} Bb4 {(00:00} 4. Nf3 {(00:00} b6
{(00:21} 5. e3 {(00:05} Bb7 {(00:17} 6. Bd3 {(
00:06} O-O {(00:17} 7. O-O {(00:10} d5 {(00:09} 8.
cxd5 {(09:45} exd5 {(00:25} 9. a3 {(02:29} Bd6 {
(00:19} 10. b4 {(03:59} a6 {(00:11} 11. Qb3 {(
02:20} Qe7 {(00:13} 12. b5 {(07:41} axb5 {(01:39} 13.
Nxb5 {(02:44} Nbd7 {(00:14} 14. a4 {(00:58} c5 {
(00:23} 15. Ba3 {(03:30} Ba6 {(01:02} 16. Rfd1 {
(08:12} Bxb5 {(01:15} 17. Bxb5 {(03:13} c4 {(00:
09} 18. Bxd6 {(02:09} Qxd6 {(00:05} 19. Qa3 {(01:19}
Qe6 {(08:37} 20. Qb4 {(09:13} Ra5 {(06:08} 21. h3 {
(01:10} h6 {(09:55} 22. Rab1 {(03:06} Rfa8 {(01:
18} 23. Rdc1 {(04:32} Ne4 {(06:34} 24. Rb2 {(02:02} g6
{(09:07} 25. Rcb1 {(03:14} Kg7 {(01:01} 26. Rc2 {
(04:47} R8a7 {(03:51} 27. Rcb2 {(04:57} Ng5 {(
07:28} 28. Nxg5 {(05:15} hxg5 {(00:06} 29. Bxd7 {(00:
09} Qxd7 {(00:26} 30. Qxb6 {(00:21} Rxa4 {(00:27} 31.
Qb8 {(01:29} Qf5 {(16:49} 32. Kh2 {(07:54} c3 {(
04:31} 33. Re2 {(05:26} Ra2 {(17:34} 34. Rbe1 {(00:48}
R7a3 {(02:47} 35. Qc7 {(01:30} Rb2 {(00:40} 36. Qe5+ {
(02:08} Qxe5+ {(01:28} 37. dxe5 {(00:02} Kf8 {(
00:14} 38. Kg3 {(00:18} Ke7 {(00:05} 39. Kf3 {(00:50}
Ke6 {(00:18} 40. Rc1 {(00:00} Raa2 {(00:00} 41. Rxb2 {
(01:57} cxb2 {(04:50} 42. Rc6+ {(05:07} Kd7 {(
08:43} 43. Rb6 {(00:20} Kc7 {(00:03} 44. Rb3 {(00:53}
d4 {(02:22} 45. exd4 {(05:06} Ra3 {(00:07} 46. Rxa3 {
(00:05} b1=Q {(00:06} 47. Kg3 {(01:05} Kd8 {(04:
38} 48. Rf3 {(05:19} Ke7 {(00:40} 49. Kg4 {(06:41}
Qe4+ {(05:05} 50. Kxg5 {(00:18} Qxd4 {(00:06} 51. h4 {
(01:46} Qe4 {(01:20} 52. Kh6 {(02:28} Kf8 {(01:
53} 53. Kg5 {(01:24} Kg7 {(00:19} 54. h5 {(00:30}
Qxe5+ {(00:16} 55. Kg4 {(00:12} Qxh5+ {(01:16} 56. Kg3
{(00:04} g5 {(00:47} 57. Rc3 {(01:58} f5 {(00:
28} 58. Rc7+ {(00:35} Kf8 {(00:11} 0-1

[Event "42nd Olympiad Baku 2016 Open"]
[Site "Baku"]
[Date "2016.09.08"]
[Round "6.7"]
[White "Kett, Tim"]
[Black "O`Donnell, Conor"]
[Result "1/2-1/2"]
[ECO "B12"]
[WhiteElo "2227"]
[BlackElo "2343"]
[Annotator ""]
[PlyCount "109"]
[EventDate "2016.??.??"]
[EventCountry "AZE"]
[SourceTitle "playchess.com"]
[Source "ChessBase"]
[WhiteTeam "Wales"]
[BlackTeam "Ireland"]
[WhiteTeamCountry "WLS"]
[BlackTeamCountry "IRL"]
[TimeControl "40/5400+30:1800+30"]

1. e4 {(00:00} c6 {(00:00} 2. d4 {(00:00} d5 {(
00:00} 3. e5 {(00:03} c5 {(00:00} 4. dxc5 {(00:36} e6
{(00:00} 5. a3 {(02:07} Bxc5 {(10:00} 6. b4 {(
00:44} Bb6 {(00:37} 7. Nf3 {(05:29} Ne7 {(00:28} 8.
Bd3 {(00:25} Ng6 {(01:01} 9. O-O {(06:16} Nc6 {(
00:05} 10. Re1 {(07:14} f6 {(00:17} 11. Bb2 {(11:04}
fxe5 {(12:22} 12. b5 {(09:40} e4 {(15:47} 13. bxc6 {
(00:56} exf3 {(16:28} 14. cxb7 {(08:21} Bxb7 {(
04:55} 15. Rxe6+ {(08:16} Kf7 {(01:33} 16. Qxf3+ {(10:
21} Kxe6 {(00:27} 17. Qg4+ {(09:53} Kf7 {(14:14} 18.
Qf5+ {(00:30} Ke7 {(00:03} 19. Nc3 {(05:59} Bxf2+ {
(09:32} 20. Qxf2 {(00:31} Qb6 {(00:52} 21. Nxd5+ {
(00:28} Bxd5 {(00:01} 22. Bd4 {(00:57} Qc6 {(03:
34} 23. Re1+ {(01:15} Kd7 {(01:08} 24. c4 {(04:39}
Bxg2 {(01:05} 25. Qf7+ {(00:52} Kd8 {(01:59} 26. Bxg7 {
(01:19} Bh3 {(00:40} 27. Be4 {(01:14} Qd7 {(02:
39} 28. Bxg6 {(03:51} Qg4+ {(03:16} 29. Kf2 {(00:02}
Qg2+ {(00:29} 30. Ke3 {(00:02} Qg5+ {(00:31} 31. Kd3 {
(01:32} Qxg6+ {(00:24} 32. Qxg6 {(00:04} hxg6 {(
00:02} 33. Bxh8 {(00:09} Kd7 {(00:53} 34. Bd4 {(01:09}
a6 {(00:55} 35. Re5 {(00:39} Rf8 {(00:38} 36. Rd5+ {
(00:27} Kc6 {(00:26} 37. Rc5+ {(00:07} Kb7 {(00:
28} 38. Be5 {(00:26} Rf3+ {(00:32} 39. Kd4 {(00:27}
Rxa3 {(00:23} 40. Rc7+ {(00:00} Kb6 {(00:00} 41. c5+ {
(03:21} Ka5 {(01:46} 42. Rb7 {(02:51} Ra1 {(06:
38} 43. Bc7+ {(06:28} Ka4 {(00:08} 44. Rb6 {(00:39}
Rd1+ {(01:10} 45. Ke5 {(00:43} Bf5 {(01:58} 46. Rxa6+ {
(03:00} Kb5 {(00:12} 47. Ra5+ {(00:16} Kc6 {(00:
07} 48. Bd6 {(00:19} Re1+ {(02:11} 49. Kf6 {(00:18}
Kd5 {(02:36} 50. Ra2 {(01:21} Re6+ {(02:32} 51. Kg5 {
(00:11} Re4 {(00:14} 52. Rd2+ {(00:20} Rd4 {(00:
27} 53. Rf2 {(05:37} Ke6 {(03:46} 54. Bf4 {(01:18} Rc4
{(02:20} 55. Re2+ {(02:33] Ke5} 1/2-1/2